 Dungeon Crawl Stone Soup version 0.23-a0-586-gacb4b3f (console) character file.

25 Duffy the Firebug (level 2, -3/15 HPs)
             Began as a Deep Elf Fire Elementalist on Dec 19, 2018.
             Slain by Sigmund
             ... wielding a +0 scythe
              (10 damage)
             ... on level 2 of the Dungeon.
             The game lasted 00:01:18 (1703 turns).

Duffy the Firebug (Deep Elf Fire Elementalist)      Turns: 1703, Time: 00:01:19

Health: -3/15      AC:  2    Str:  5    XL:     2   Next: 82%
Magic:  3/8        EV: 13    Int: 19    God:
Gold:   41         SH:  0    Dex: 15    Spells: 6/7 levels left

rFire    . . .     SeeInvis .   c - ration
rCold    . . .     Gourm    .   (no shield)
rNeg     . . .     Faith    .   a - +0 robe
rPois    .         Spirit   .   (no helmet)
rElec    .         Reflect  .   (no cloak)
rCorr    .         Harm     .   (no gloves)
MR       .....                  (no boots)
Stlth    ++........             (no amulet)
HPRegen  0.05/turn              (no ring)
MPRegen  0.11/turn              (no ring)

@: very slightly contaminated
A: no striking features
a: no special abilities


You were on level 2 of the Dungeon.
You were not hungry.

You visited 1 branch of the dungeon, and saw 2 of its levels.

You collected 41 gold pieces.

Inventory:

Armour
 a - a +0 robe (worn)
 e - a +0 shield
Scrolls
 f - a scroll of identify {unknown}
Potions
 b - 2 potions of ambrosia {unknown}
 g - a potion of agility {unknown}
 h - a potion of flight {unknown}
Comestibles
 c - a ration (in hand)
 d - 2 chunks of flesh


   Skills:
 - Level 2.4 Dodging
 - Level 2.4 Stealth
 + Level 3.0 Spellcasting
 + Level 3.2 Conjurations
 + Level 3.2 Fire Magic


You had 6 spell levels left.
You knew the following spells:

 Your Spells              Type           Power        Failure   Level  Hunger
h - Flame Tongue          Conj/Fire      ###..        4%          1    None

Your spell library contained the following spells:

 Spells                   Type           Power        Failure   Level  Hunger
 Throw Flame              Conj/Fire      ###...       6%          2    ##.....
 Conjure Flame            Conj/Fire      ###.....     12%         3    ###....
 Inner Flame              Hex/Fire       #.......     24%         3    ###....
 Sticky Flame             Conj/Fire      ###.....     36%         4    ####...
 Fireball                 Conj/Fire      ###.......   73%         5    ######.


Dungeon Overview and Level Annotations

Branches:
Dungeon (2/15)

Altars:

Annotations:
D:2 Sigmund


Message History

Sigmund is moderately wounded.
Sigmund hits you from afar with a +0 scythe.
Casting: Flame Tongue (safe; 4% risk of failure)
Confirm with . or Enter, or press ? or * to list all spells.
Aiming: Flame Tongue (safe; 4% risk of failure)
Press: ? - help, Shift-Dir - straight line, f/p - Sigmund
Aim: Sigmund, wielding a +0 scythe and wearing a +0 robe (moderately wounded)
The flame tongue hits Sigmund.
Sigmund is severely wounded.
Casting: Flame Tongue (safe; 4% risk of failure)
Confirm with . or Enter, or press ? or * to list all spells.
Aiming: Flame Tongue (safe; 4% risk of failure)
Press: ? - help, Shift-Dir - straight line, f/p - Sigmund
Aim: Sigmund, wielding a +0 scythe and wearing a +0 robe (severely wounded)
You miscast Flame Tongue.
You are very lightly contaminated with residual magic.
Your skin glows momentarily.
Sigmund hits you from afar with a +0 scythe!
Ouch! That really hurt!
You die...

#..# #..# ############ ##.##
##.# #........... #..# ##.#
#.#####..... ##.# #..#
##.....#..... ##########.#
#.## #..###.#.....
#..........###.# #....#.#....#
#############..# #....#.######
..........@..## #....#.(.....
############@# #....#######.
..........##.# #.......###..
##.#######...(# #...........#
..... ##.#.## #.......#####
#... #.l#.# ##..<....# ...
###.@#.#####....#####
#.###....#.....####.#
##.##..##.#####.####.#
#.............#.#.##.#########


You could see Sigmund.

Vanquished Creatures
  An adder (D:2)
  A leopard gecko (D:2)
  3 goblins
  A hobgoblin (D:1)
  2 jackals (D:1)
  2 bats (D:2)
  2 frilled lizards (D:1)
  2 kobolds (D:1)
  2 rats (D:2)
16 creatures vanquished.

Notes
Turn   | Place    | Note
-------+----------+-------------------------------------------
     0 | D:1      | Duffy the Deep Elf Fire Elementalist began the quest for
                  | the Orb.
     0 | D:1      | Reached XP level 1. HP: 10/10 MP: 6/6
  1008 | D:1      | Reached XP level 2. HP: 15/15 MP: 5/8
  1383 | D:2      | Noticed Sigmund
  1703 | D:2      | Slain by Sigmund

Vault maps used:
D:1:      dpeg_arrival_concentric_ovals, minmay_door_square,
          chequers_serial_rivers_large_b, minmay_crystal_room
D:2:      serial_co_window_serial, co_window_corner_a, co_window_corner_a,
          co_window_paths_a, co_window_of_opportunity_a, co_window_corner_a,
          co_window_corner_a, co_window_paths_a, co_window_corner_ca,
          co_window_2corner, co_window_cross_4, co_window_paths_c,
          co_window_cross_4, co_window_broadway_b, co_window_4corner_a,
          elyvilon_altar_5, uniq_sigmund, uniq_terence, uniq_natasha

Skill      XL: |  1  2 |
---------------+-------+-----
Conjurations   | 2 3 |  3.2
Dodging        | |  2.4
Stealth        | |  2.4
Spellcasting   | |  3.0
Fire Magic     | |  3.2

Action                   || total
-------------------------++-------
 Cast: Flame Tongue      ||    30
  Eat: Chunk             ||     2
Armor: Robe              ||     1
Dodge: Dodged            ||    12

Table legend:
 A = Non-vault XP
 B = Vault XP
 C = Vault XP percentage of total XP
 D = Non-vault monster count
 E = Vault monster count
 F = Vault count percentage of total count
                 A         B        C        D         E       F
            +---------+---------+-------+---------+---------+-------
      Total |      36 |       0 |   0.0 |      16 |       0 |   0.0
            +---------+---------+-------+---------+---------+-------
        D:1 |      14 |       0 |   0.0 |       9 |       0 |   0.0
        D:2 |      22 |       0 |   0.0 |       7 |       0 |   0.0
            +---------+---------+-------+---------+---------+-------
